 Dungeon Crawl Stone Soup version 0.23.2-33-g5129a83184 (webtiles) character file.

Game seed: 15310986797287195759

38985 Derp the Basher (level 13, -7/104 HPs)
             Began as a Demonspawn Berserker on July 15, 2019.
             Was a High Priest of Trog.
             Mangled by a large abomination (21 damage)
             ... on level 1 of the Abyss.
             The game lasted 01:13:17 (16300 turns).

Derp the Basher (Demonspawn Berserker)             Turns: 16300, Time: 01:13:21

Health: -7/104     AC: 30    Str: 25    XL:     13   Next: 66%
Magic:  4/4        EV: 15    Int: 13    God:    Trog [*****.]
Gold:   1378       SH:  3    Dex: 19    Spells: 12/12 levels left

rFire    + . .     SeeInvis +   K - +9 great mace (antimagic)
rCold    + . .     Gourm    .   (shield currently unavailable)
rNeg     + . .     Faith    .   p - +5 pearl dragon scales
rPois    .         Spirit   .   v - +1 hat
rElec    .         Reflect  +   (no cloak)
rCorr    .         Harm     .   (no gloves)
MR       ++...                  (boots unavailable)
Stlth    ..........             I - +3 amulet of reflection
HPRegen  1.27/turn              f - ring of see invisible
MPRegen  0.09/turn              O - ring "Cenub" {rF+ Str+4 Int+4 Dex+5}

@: berserk cooldown, regenerating, slowed, very slow
A: antennae 1, claws 2, hooves 3, cold resistance 1, icemail, freezing cloud
immunity
a: Berserk, Trog's Hand, Brothers in Arms, Renounce Religion


You were on level 1 of the Abyss.
You worshipped Trog.
Trog was extremely pleased with you.
You were not hungry.

You visited 4 branches of the dungeon, and saw 17 of its levels.
You visited the Abyss 2 times.

You collected 1378 gold pieces.

Inventory:

Hand Weapons
 K - a +9 antimagic great mace (weapon)
 P - the +8 lajatang of Harmony {vamp, +Rage Dex+9, unknown}
   (Trog gifted it to you on level 6 of the Lair of Beasts)

   It inflicts no extra harm, but heals its wielder when it wounds a living foe.
   It affects your dexterity (+9).
   It lets you go berserk.
Armour
 b - a scarf of repulsion
 p - +5 pearl dragon scales (worn)
 v - a +1 hat (worn)
Jewellery
 f - a ring of see invisible (left claw)
 w - an uncursed amulet of guardian spirit {unknown}
 y - a +5 ring of strength {unknown}
 I - a +3 amulet of reflection (around neck)
 O - the ring "Cenub" (right claw) {rF+ Str+4 Int+4 Dex+5}
   (You found it on level 8 of the Dungeon)

   [ring of protection from fire]

   It affects your strength (+4).
   It affects your intelligence (+4).
   It affects your dexterity (+5).
   It protects you from fire.
 R - an uncursed ring of wizardry {unknown}
 T - an uncursed ring of magical power {unknown}
 U - an uncursed ring of protection from cold {unknown}
 V - an uncursed ring of protection from magic {unknown}
 W - an uncursed ring of fire {unknown}
 Z - a +5 ring of strength {unknown}
Wands
 H - a wand of acid (18)
 J - a wand of iceblast (8)
 Q - a wand of random effects (30)
 S - a wand of flame (17)
Scrolls
 h - 7 scrolls of immolation
 j - 12 scrolls of remove curse
 k - 2 scrolls of blinking {unknown}
 n - 5 scrolls of teleportation
 o - 2 scrolls of magic mapping {unknown}
 q - a scroll of fog {unknown}
 x - 4 scrolls of fear {unknown}
 C - 3 scrolls of noise {unknown}
 D - 2 scrolls of silence {unknown}
 N - a scroll of vulnerability {unknown}
 X - a scroll of holy word {unknown}
Potions
 a - a potion of might {unknown}
 d - a potion of curing
 i - 4 potions of brilliance {unknown}
 r - 3 potions of magic {unknown}
 s - 3 potions of lignification {unknown}
 u - 3 potions of heal wounds {unknown}
 z - 3 potions of haste {unknown}
 A - a potion of berserk rage {unknown}
 B - a potion of ambrosia {unknown}
 E - a potion of degeneration {unknown}
 F - a potion of flight {unknown}
 G - 3 potions of agility {unknown}
 L - a potion of resistance {unknown}
 M - a potion of mutation {unknown}
Miscellaneous
 e - a phantom mirror
 m - a fan of gales
 Y - a crystal ball of energy
Comestibles
 c - 7 rations


   Skills:
 + Level 10.4 Fighting
 + Level 14.3 Maces & Flails
 + Level 9.1 Armour
 + Level 6.4 Dodging
 + Level 1.6 Stealth
   Level 8.3 Shields
 + Level 0.5 Unarmed Combat


You had 12 spell levels left.
You didn't know any spells.
Your spell library was empty.

Dungeon Overview and Level Annotations

Branches:
Dungeon (9/15)             Temple (1/1) D:5            Lair (6/6) D:9
  Swamp (0/4) Lair:3       Spider (0/4) Lair:2        Slime (1/5) Lair:5
    Orc: D:9-12

Altars:
Ashenzari
Cheibriados
Dithmenos
Elyvilon
Fedhas
Gozag
Hepliaklqana
Kikubaaqudgha
Makhleb
Nemelex Xobeh
Okawaru
Qazlal
Ru
Sif Muna
Trog
Uskayaw
Vehumet
Wu Jian
Xom
Yredelemnul
Zin
The Shining One

Shops:
D:6 *

Annotations:
Lair:5 exclusion: oklob plant
Lair:6 Sonja


Innate Abilities, Weirdness & Mutations

You have a pair of small antennae on your head.
You have very sharp fingernails.
You have hooves in place of feet.
Your flesh is cold resistant. (rC+)
A meltable icy envelope protects you from harm. (AC +10)
You are immune to freezing clouds.


Message History

A large abomination comes into view.
You barely miss the large abomination.
The large abomination barely misses you.
You hit the large abomination.
You kick the large abomination, but do no damage.
The large abomination is lightly damaged.
The large abomination hits you but does no damage.
You barely miss the large abomination. You kick the large abomination!
The large abomination is moderately damaged.
The large abomination hits you!
* * * LOW HITPOINT WARNING * * *
The large abomination barely misses you.
Unknown command.
Your skin crawls.
You feel resistant to hostile enchantments.
You feel somewhat more hungry.
The large abomination hits you but does no damage.
You block the large abomination's attack.
The large abomination hits you!!
You die...

##### ..#.#
...# ...# #
##...#.. ##.#
###@#...#
..#..#.XXX.#.##
.....#.........
...
.#..###.##.#
##.#..#.# ..#
......#.# .# ..
#....# . #.
#.#..## ## ##..
# ..## ..


You could see 3 large abominations.

Vanquished Creatures
  An angel (Abyss:1)
  6 hydras
  2 two-headed ogres (D:9)
  A thrashing horror (Abyss:2)
  A spatial maelstrom (Abyss:1)
  Pikel (D:9)
  4 black mambas
  5 elephants (Lair:4)
  20 spiny frogs
  A rime drake (Lair:6)
  3 komodo dragons
  The ghost of Derp the Cudgeler, an amateur GnWn (D:5)
  2 jumping spiders (Lair:2)
  4 tyrant leeches (Lair:6)
  2 slime creatures (Lair:5)
  26 blink frogs
  11 hippogriffs
  3 bog bodies (Lair:3)
  A spriggan (D:8)
  4 redbacks (Lair:2)
  8 yaks
  A basilisk (Lair:1)
  The ghost of Derp the Slasher, an amateur DsBe of Trog (D:4)
  6 vampire mosquitoes (Lair:6)
  Menkaure (D:6)
  Grum (D:8)
  2 wargs (D:9)
  2 swamp worms (Lair:3)
  6 water moccasins
  9 porcupines
  A slave (D:9)
  2 orc warriors (D:9)
  4 ice beasts
  A black bear (D:8)
  3 sky beasts
  2 ogres
  15 wolves
  A centaur (D:6)
  17 crocodiles
  Blork the orc (D:6)
  21 bullfrogs
  A gnoll sergeant (D:8)
  A water moccasin zombie (D:7)
  2 scorpions (D:6)
  2 small abominations (Abyss:1)
  A howler monkey (D:6)
  2 electric eels
  4 crimson imps
  6 jellies
  A bullfrog zombie (D:9)
  2 centaur zombies
  4 orc priests
  2 bullfrog skeletons
  A centaur skeleton (D:4)
  5 hounds
  6 orc wizards
  An iguana (D:7)
  7 worker ants
  A worker ant zombie (D:5)
  9 gnolls
  10 adders
  A white imp (Abyss:1)
  An ooze (D:2)
  An adder zombie (D:6)
  3 adder skeletons
  A worm (D:2)
  7 leopard geckos
  28 orcs
  7 bats
  5 giant cockroaches
  6 goblins
  8 hobgoblins
  9 jackals
  7 kobolds
  8 quokkas
  2 ball pythons (D:4)
  6 frilled lizards
  A leopard gecko skeleton (D:4)
  A quokka skeleton (D:4)
  12 rats
  A butterfly (D:5)
  A fungus (Lair:2)
  3 plants
  2 withered plants (D:4)
393 creatures vanquished.

Vanquished Creatures (others)
  An iguana (D:9)
  19 fungi
  40 plants
60 creatures vanquished.

Grand Total: 453 creatures vanquished

Notes
Turn   | Place    | Note
-------+----------+-------------------------------------------
     0 | D:1      | Derp the Demonspawn Berserker began the quest for the Orb.
     0 | D:1      | Reached XP level 1. HP: 18/18 MP: 1/1
   208 | D:1      | Gained mutation: Your flesh is cold resistant. (rC+)
                  | [demonic ancestry]
   208 | D:1      | Reached XP level 2. HP: 17/24 MP: 2/2
   267 | D:1      | Reached skill level 3 in Maces & Flails
  1059 | D:2      | Gained mutation: You have large cloven feet. [demonic
                  | ancestry]
  1059 | D:2      | Reached XP level 3. HP: 23/29 MP: 3/3
  1183 | D:2      | Reached ** piety under Trog
  1278 | D:2      | Gained mutation: You have hoof-like feet. [demonic
                  | ancestry]
  1278 | D:2      | Reached XP level 4. HP: 24/35 MP: 4/4
  2107 | D:3      | Reached skill level 4 in Maces & Flails
  2168 | D:3      | Gained mutation: You are immune to freezing clouds.
                  | [demonic ancestry]
  2168 | D:3      | Reached XP level 5. HP: 33/41 MP: 5/5
  2304 | D:3      | Reached skill level 5 in Maces & Flails
  2781 | D:4      | Reached *** piety under Trog
  2781 | D:4      | Gained mutation: You have a pair of small antennae on your
                  | head. [demonic ancestry]
  2781 | D:4      | Reached XP level 6. HP: 43/48 MP: 6/6
  3046 | D:4      | Found a runed translucent door.
  3046 | D:4      | Noticed Derp's ghost (amateur DsBe)
  3132 | D:4      | Reached skill level 6 in Maces & Flails
  3288 | D:4      | Found a white marble altar of Elyvilon.
  3476 | D:5      | Entered Level 5 of the Dungeon
  3492 | D:5      | Found an ornate altar of the Wu Jian Council.
  3644 | D:5      | Reached XP level 7. HP: 54/54 MP: 7/7
  3651 | D:5      | Found a hide-covered altar of Uskayaw.
  3827 | D:5      | Found a large runed translucent door.
  3827 | D:5      | Found a large runed translucent door.
  3829 | D:5      | Noticed Derp's ghost (amateur GnWn)
  3983 | D:5      | Found an iron altar of Okawaru.
  4331 | D:5      | Found a staircase to the Ecumenical Temple.
  4340 | Temple   | Entered the Ecumenical Temple
  4774 | D:6      | Noticed Blork the orc
  4782 | D:6      | Found a stormy altar of Qazlal.
  4881 | D:6      | Killed Blork the orc
  4881 | D:6      | Reached skill level 7 in Maces & Flails
  5213 | D:6      | Gained mutation: You have sharp fingernails. [demonic
                  | ancestry]
  5213 | D:6      | Reached XP level 8. HP: 58/61 MP: 8/8
  5426 | D:6      | Reached skill level 1 in Shields
  5488 | D:6      | Found Pjeiderph's Practical Paraphernalia.
  5544 | D:6      | Noticed Menkaure
  5547 | D:6      | Killed Menkaure
  5547 | D:6      | Reached skill level 5 in Fighting
  5572 | D:6      | Found a sacrificial altar of Ru.
  5688 | D:6      | Found a bloodstained altar of Trog.
  5688 | D:6      | Found a glowing golden altar of the Shining One.
  5698 | D:6      | Found a sparkling altar of Nemelex Xobeh.
  5703 | D:6      | Found a deep blue altar of Sif Muna.
  5705 | D:6      | Found a basalt altar of Yredelemnul.
  6025 | D:4      | Killed Derp's ghost
  6169 | D:5      | Killed Derp's ghost
  6169 | D:5      | Reached skill level 8 in Maces & Flails
  6169 | D:5      | Reached skill level 5 in Armour
  6340 | D:7      | Noticed a hippogriff
  6402 | D:7      | Reached XP level 9. HP: 68/68 MP: 9/9
  6507 | D:7      | Reached **** piety under Trog
  6785 | D:8      | Noticed Grum
  6802 | D:8      | Reached skill level 9 in Maces & Flails
  6806 | D:8      | Killed Grum
  7058 | D:8      | Got a glittering steel ring
  7404 | D:8      | Identified the ring "Cenub" {rF+ Str+4 Int+4 Dex+5} (You
                  | found it on level 8 of the Dungeon)
  7452 | D:8      | Found an opulent altar of Gozag.
  7989 | D:9      | Noticed a two-headed ogre
  8026 | D:9      | Killed a two-headed ogre
  8026 | D:9      | Gained mutation: A meltable icy envelope protects you from
                  | harm. (AC +10) [demonic ancestry]
  8026 | D:9      | Reached XP level 10. HP: 23/77 MP: 10/10
  8224 | D:9      | Noticed a two-headed ogre
  8237 | D:9      | Killed a two-headed ogre
  8237 | D:9      | Reached skill level 10 in Maces & Flails
  8311 | D:9      | Found a staircase to the Lair.
  8348 | D:9      | Noticed Pikel
  8363 | D:9      | Killed Pikel
  8363 | D:9      | Reached skill level 5 in Shields
  8636 | D:9      | Found a blossoming altar of Fedhas.
  9058 | Lair:1   | Entered Level 1 of the Lair of Beasts
  9058 | Lair:1   | Noticed a spiny frog
  9065 | Lair:1   | Killed a spiny frog
  9273 | Lair:1   | Noticed a black mamba
  9293 | Lair:1   | Killed a black mamba
  9314 | Lair:1   | Reached XP level 11. HP: 77/84 MP: 11/11
 10143 | Lair:2   | Reached skill level 11 in Maces & Flails
 10524 | Lair:2   | Found a hole to the Spider Nest.
 10537 | Lair:2   | Reached skill level 1 in Stealth
 11066 | Lair:3   | Noticed a six-headed hydra
 11087 | Lair:3   | Killed a six-headed hydra
 11446 | Lair:3   | Found a gate leading to a gauntlet.
 11475 | Lair:3   | Reached skill level 12 in Maces & Flails
 11913 | Lair:3   | Found a staircase to the Swamp.
 12103 | Lair:4   | Noticed a four-headed hydra
 12105 | Lair:4   | You fall through a shaft for 2 floors!
 12105 | Lair:6   | Entered Level 6 of the Lair of Beasts
 12181 | Lair:6   | Gained mutation: You have hooves in place of feet. [demonic
                  | ancestry]
 12181 | Lair:6   | Reached XP level 12. HP: 89/94 MP: 12/12
 12203 | Lair:6   | Reached skill level 5 in Dodging
 12225 | Lair:6   | Reached ***** piety under Trog
 12827 | Lair:6   | Noticed Sonja
 12960 | Lair:6   | Noticed a seven-headed hydra
 12973 | Lair:6   | Killed a seven-headed hydra
 13466 | Lair:5   | Reached skill level 13 in Maces & Flails
 13492 | Lair:5   | Noticed a four-headed hydra
 13501 | Lair:5   | Killed a four-headed hydra
 13612 | Lair:5   | Received a gift from Trog
 13687 | Lair:5   | Noticed a four-headed hydra
 13694 | Lair:5   | Killed a four-headed hydra
 14134 | Lair:5   | Found a staircase to the Slime Pits.
 14443 | Lair:4   | Noticed a four-headed hydra
 14448 | Lair:4   | Killed a four-headed hydra
 14448 | Lair:4   | Gained mutation: You have very sharp fingernails. [demonic
                  | ancestry]
 14448 | Lair:4   | Reached XP level 13. HP: 101/101 MP: 4/13
 15013 | Slime:1  | Entered Level 1 of the Pits of Slime
 15013 | Slime:1  | Noticed an acid blob
 15485 | Lair:6   | Reached skill level 10 in Fighting
 15495 | Lair:6   | Reached skill level 14 in Maces & Flails
 15868 | Lair:6   | Received a gift from Trog
 15872 | Lair:6   | Got a jewelled lajatang {god gift}
 15998 | Lair:6   | Cast into level 1 of the Abyss (Sonja)
 16103 | Lair:6   | Escaped the Abyss
 16117 | Lair:6   | Cast into level 1 of the Abyss (Sonja)
 16265 | Abyss:1  | Noticed an angel
 16282 | Abyss:1  | Killed an angel
 16300 | Abyss:1  | Mangled by a large abomination

Skill      XL: |  1  2  3  4  5  6  7  8  9 10 11 12 13 |
---------------+----------------------------------------+-----
Maces & Flails | 3 4 5 6 7 8 9 10 12 13 14 | 14.3
Dodging        | 2 3 4 6 |  6.4
Armour         | 2 4 5 6 7 8 9 |  9.1
Fighting       | 4 5 6 7 8 9 10 | 10.4
Shields        | 2 4 5 7 8 |  8.3
Stealth        | 1 |  1.6
Unarmed Combat | |  0.5

Action                   |  1- 3 |  4- 6 |  7- 9 | 10-12 | 13-15 || total
-------------------------+-------+-------+-------+-------+-------++-------
Melee: Mace              |   135 |    19 |       |       |       ||   154
       Kick              |    11 |    37 |    88 |    98 |    92 ||   326
       Morningstar       |       |   139 |   287 |   644 |       ||  1070
       Unarmed           |       |       |     5 |       |       ||     5
       Great mace        |       |       |       |    27 |   187 ||   214
Invok: Trog's Hand       |       |     3 |     4 |    11 |     6 ||    24
       Berserk           |       |     1 |     4 |     9 |     3 ||    17
  Use: Scroll            |     1 |     2 |    10 |    14 |     4 ||    31
       Potion            |       |       |       |     3 |     2 ||     5
  Eat: Chunk             |     1 |     9 |     4 |    10 |     3 ||    27
       Ration            |       |       |     5 |     7 |     2 ||    14
Armor: Scale mail        |    72 |     3 |       |       |       ||    75
       Pearl dragon scal |       |    63 |   106 |   349 |   174 ||   692
       Skin              |       |       |     4 |       |       ||     4
Dodge: Dodged            |   123 |    74 |    96 |   290 |   175 ||   758
Block: Shield            |       |       |   136 |   572 |       ||   708
       Reflection        |       |       |       |     5 |       ||     5
       Other             |       |       |       |     3 |    35 ||    38
